 Dungeon Crawl Stone Soup version 0.27.1-3-gb3d3a73c9e (webtiles) character file.

Game seed: 4452194808012191217

228 earthworldpsion the Skirmisher (level 5, -2/43 HPs)
             Began as a Demonspawn Abyssal Knight on Oct 17, 2021.
             Was a Believer of Lugonu.
             Splashed by a jelly's acid (8 damage)
             ... on level 4 of the Dungeon.
             The game lasted 00:14:12 (3986 turns).

earthworldpsion the Skirmisher (DsAK)               Turns: 3986, Time: 00:14:12

Health: -2/43      AC: -12   Str: 14    XL:     5   Next: 71%
Magic:  7/7        EV: 10    Int: 13    God:    Lugonu [**....]
Gold:   161        SH:  3    Dex: 12    Spells: 4/4 levels left

rFire    + . .     SeeInvis .   p - +2 long sword (drain)
rCold    . . .     Faith    .   i - +0 buckler
rNeg     . . .     Spirit   .   b - +0 leather armour
rPois    .         Reflect  .   (no helmet)
rElec    .         Harm     .   (no cloak)
rCorr    .         Rampage  .   (no gloves)
Will     .....                  (no boots)
Stlth    +.........             (no amulet)
HPRegen  0.14/turn              r - ring of protection from fire
MPRegen  0.10/turn              (no ring)

@: corroded
A: talons 2, spiny 1
a: Renounce Religion, Depart the Abyss, Bend Space


You were on level 4 of the Dungeon.
You worshipped Lugonu.
Lugonu was pleased with you.
You visited 1 branch of the dungeon, and saw 4 of its levels.
You visited the Abyss 1 time.

You collected 161 gold pieces.

Inventory:

Hand Weapons
 a - a +1 falchion
 e - a +1 dagger of speed
 p - a +2 long sword of draining (weapon)
Missiles
 g - 29 arrows
 l - 17 poisoned darts (quivered)
Armour
 b - a +0 leather armour (worn)
 h - a +0 robe
 i - a +0 buckler (worn)
Jewellery
 r - a ring of protection from fire (left hand)
Wands
 q - a wand of flame (24)
Scrolls
 j - a scroll of amnesia
 n - 3 scrolls of teleportation {unknown}
 s - a scroll of holy word
Potions
 d - 2 potions of brilliance {unknown}
 f - a potion of invisibility {unknown}
 k - a potion of might {unknown}
 m - a potion of flight {unknown}
 o - a potion of attraction {unknown}


   Skills:
 + Level 4.4 Fighting
 + Level 3.5 Long Blades
 + Level 2.2 Armour
 + Level 1.6 Dodging
 + Level 1.5 Stealth
 + Level 0.1 Shields
 + Level 2.8 Invocations


You had 4 spell levels left.
You didn't know any spells.
Your spell library was empty.

Dungeon Overview and Level Annotations

Branches:
Dungeon (4/15)
 Temple: D:4-7

Altars:
The Shining One


Innate Abilities, Weirdness & Mutations

You have razor-sharp toenails.
You are partially covered in sharp spines.


Message History

You hit the gnoll. You drain the gnoll.
The gnoll is moderately wounded.
You block the gnoll's attack.
You slash the gnoll!
You kill the gnoll!
Lugonu accepts your kill.
You see here a +0 spear.
Found a scroll of holy word.
You see here a scroll of holy word.
Found a scroll labelled QOCICETT TAAR.
You see here a scroll of holy word.
s - a scroll of holy word A jelly comes into view.
You see here a scroll labelled QOCICETT TAAR.
n - 3 scrolls labelled QOCICETT TAAR (gained 1)
The jelly quivers.
You slash the jelly! You drain the jelly. The acid corrodes you!
Your hands burn!
The jelly is severely wounded.
The jelly hits you.
You are splashed with acid!
You block the jelly's attack.
You hit the jelly but do no damage.
Your hands burn!
The jelly is severely wounded.
The jelly hits you. The acid corrodes you!
You are splashed with acid!
You hit the jelly but do no damage. The acid corrodes you!
Your hands burn!
You claw the jelly, but do no damage.
The jelly is severely wounded.
The jelly barely misses you.
You riposte.
You hit the jelly but do no damage.
The jelly is severely wounded.
You hit the jelly. The acid corrodes you!
Your hands burn!
* * * LOW HITPOINT WARNING * * *
The jelly is severely wounded.
The jelly hits you.
* * * LOW HITPOINT WARNING * * *
You are splashed with acid!
* * * LOW HITPOINT WARNING * * *
The jelly is struck by your spines. The jelly barely misses you.
You feel better. The jelly hits you.
* * * LOW HITPOINT WARNING * * *
You are splashed with acid!
You die...

#### ..# #.# #.###
# #...# #. #.#.#
###.#####.#.#
#.........#.#
#........##@#
#...##.#.##.J......
##.# #.#.####......
#.# #.#.# ......
#.# #.#.. ..... #.#
#.### .###. #.# #.#
# #.# #.# #.# #.#


You could see a jelly (drained).

Vanquished Creatures
  A hound (D:4)
  A jelly (D:2)
  4 gnolls (D:4)
  8 adders
  A worm (D:2)
  An orc (D:2)
  7 ball pythons
  7 endoplasms
  A giant cockroach (D:1)
  2 goblins
  6 hobgoblins
  A quokka (D:2)
  7 bats
  4 frilled lizards
  7 kobolds
  3 rats
61 creatures vanquished.

Notes
Turn   | Place    | Note
-------+----------+-------------------------------------------
     0 | Abyss:1  | earthworldpsion the Demonspawn Abyssal Knight began the
                  | quest for the Orb.
     0 | Abyss:1  | Reached XP level 1. HP: 18/18 MP: 2/2
    17 | D:1      | Escaped the Abyss
   386 | D:1      | Found a faded altar of an unknown god.
   664 | D:1      | Gained mutation: You have sharp toenails. [demonic
                  | ancestry]
   664 | D:1      | Reached XP level 2. HP: 22/24 MP: 3/3
  1111 | D:2      | Reached skill level 1 in Dodging
  1119 | D:2      | Gained mutation: You are partially covered in sharp spines.
                  | [demonic ancestry]
  1119 | D:2      | Reached XP level 3. HP: 17/29 MP: 5/5
  1298 | D:2      | Reached XP level 4. HP: 37/37 MP: 6/6
  1323 | D:2      | Reached ** piety under Lugonu
  1325 | D:2      | Reached skill level 4 in Fighting
  2921 | D:3      | Gained mutation: You have razor-sharp toenails. [demonic
                  | ancestry]
  2921 | D:3      | Reached XP level 5. HP: 27/42 MP: 7/7
  3766 | D:4      | Reached skill level 1 in Stealth
  3985 | D:4      | HP: 1/43 [acid (8)]
  3986 | D:4      | Splashed by a jelly's acid

Illustrated notes

Levels and vault maps discovered:
D:1:      giann_wishing_wells, layout_basic, hellmonk_ecumenical_altar_zigzags
D:2:      layout_basic, basic_altar, minmay_octomino_e4
D:3:      layout_loops_corners, minmay_misc_feat_encased,
          minmay_increasing_density
D:4:      layout_loops_ring, minmay_temple_entry_nine_rooms,
          kennysheep_generic_room_6

Skill      XL: |  1  2  3  4  5 |
---------------+----------------+-----
Long Blades    | 2 3 |  3.5
Dodging        | 1 |  1.6
Armour         | 2 |  2.2
Fighting       | 4 |  4.4
Stealth        | 1 |  1.5
Shields        | |  0.1
Invocations    | |  2.8

Action                   |  1- 3 |  4- 6 || total
-------------------------+-------+-------++-------
Melee: Falchion          |    55 |    32 ||    87
       Kick              |     9 |    14 ||    23
       Long sword        |       |    27 ||    27
  Use: Potion            |     1 |     1 ||     2
       Scroll            |       |     2 ||     2
 Stab: Sleeping          |       |     4 ||     4
Armor: Leather armour    |    14 |     5 ||    19
Dodge: Dodged            |    36 |    30 ||    66
Block: Buckler           |       |     6 ||     6
       Rpst.: Falchion   |    12 |     6 ||    18
       Long sword        |       |     3 ||     3
